 Dungeon Crawl Stone Soup version 0.28-a0-1510-gd0f6b136d3 (webtiles) character file.

Game seed: 15174397004290809890

5980 browni3141 the Arsonist (level 10, -5/76 HPs)
             Began as a Demonspawn Fire Elementalist on Jan 15, 2022.
             Was a Follower of Makhleb.
             Slain by an orc knight (41 damage)
             ... in a bailey.
             The game lasted 00:27:30 (11017 turns).

browni3141 the Arsonist (DsFE)                     Turns: 11017, Time: 00:27:30

Health: -5/76      AC: 10    Str:  9    XL:     10   Next: 55%
Magic:  1/19       EV: 10    Int: 27    God:    Makhleb [*.....]
Gold:   1248       SH:  9    Dex: 19    Spells: 14/21 levels left

rFire   + . .      SeeInvis .   j - +2 dagger (venom)
rCold   . . .      Faith    .   (no shield)
rNeg    . . .      Spirit   .   k - +2 ring mail of the Arcadian Yeti {*Slow Int+6}
rPois   .          Reflect  +   r - +0 helmet
rElec   .          Harm     .   q - +0 cloak
rCorr   .          Rampage  .   (no gloves)
Will    .....                   t - +0 pair of boots
Stlth   ++........              c - amulet of reflection
HPRegen 0.22/turn               d - +6 ring of dexterity
MPRegen 0.16/turn               e - ring of protection from fire

@: no status effects
A: large bone plates 1, powered by death 1, demonic touch 1
a: Renounce Religion


You were in a bailey.
You worshipped Makhleb.
Makhleb was aware of your devotion.
You visited 2 branches of the dungeon, and saw 11 of its levels.
You also visited: Bailey.

You collected 1558 gold pieces.
You spent 310 gold pieces at shops.

Inventory:

Hand Weapons
 j - a +2 dagger of venom (weapon)
 s - a +0 long sword
 E - a +1 rapier of electrocution
 J - a +4 scimitar of flaming
Missiles
 g - 15 poisoned darts
Armour
 a - a +0 robe
 k - the +2 ring mail of the Arcadian Yeti (worn) {*Slow Int+6}
   (You bought it in a shop on level 4 of the Dungeon)

   Int:       It affects your intelligence (+6).
   *Slow:     It may slow you when you take damage.
 m - the +3 leather armour "Ejac" {Int+2}
   (You found it on level 3 of the Dungeon)

   Int:       It affects your intelligence (+2).
 q - a +0 cloak (worn)
 r - a +0 helmet (worn)
 t - a +0 pair of boots (worn)
Jewellery
 c - an amulet of reflection (around neck)
 d - a +6 ring of dexterity (left hand)
 e - a ring of protection from fire (right hand)
 C - a ring of poison resistance
 H - a ring of flight
Wands
 v - a wand of flame (44)
 y - a wand of polymorph (7)
Scrolls
 h - 7 scrolls of teleportation
 p - a scroll of vulnerability
 u - 2 scrolls of fog
 w - 2 scrolls of blinking
 D - a scroll of amnesia
 I - a scroll of enchant weapon {unknown}
 K - a scroll of noise {unknown}
Potions
 b - 4 potions of brilliance
 f - 3 potions of flight {unknown}
 i - a potion of might {unknown}
 l - 2 potions of mutation {unknown}
 n - 2 potions of haste {unknown}
 o - a potion of berserk rage {unknown}
 x - a potion of resistance {unknown}
 z - a potion of lignification {unknown}
 A - 4 potions of heal wounds
 B - 2 potions of curing {unknown}
 F - a potion of ambrosia {unknown}
 L - a potion of magic {unknown}


   Skills:
 - Level 6.0 Fighting
 - Level 5.0 Long Blades
 - Level 1.7 Dodging
 - Level 1.7 Stealth
 - Level 6.0 Spellcasting
 - Level 6.0 Conjurations
 - Level 3.0 Hexes
 * Level 9.2 Fire Magic
 + Level 4.0 Invocations


You had 14 spell levels left.
You knew the following spells:

 Your Spells              Type           Power      Damage    Failure   Level
a - Foxfire               Conj/Fire      100%       2x1d9     1%          1
b - Scorch                Fire           100%       2d10      1%          2
c - Slow                  Hex            96%        N/A       5%          1
d - Conjure Flame         Conj/Fire      49%        6-21      2%          3

Your spell library contained the following spells:

 Spells                   Type           Power      Damage    Failure   Level
 Inner Flame              Hex/Fire       41%        N/A       4%          3
 Static Discharge         Conj/Air       24%        N/A       8%          2
 Flame Wave               Conj/Fire      49%        2d8       8%          4
 Confusing Touch          Hex            24%        N/A       16%         3
 Animate Skeleton         Necr           16%        N/A       19%         1
 Pain                     Necr           32%        1d5       19%         1
 Sting                    Tmut/Pois      32%        1d4       19%         1
 Poisonous Vapours        Pois/Air       16%        N/A       26%         2
 Ozocubu's Armour         Ice            8%         N/A       47%         3
 Vampiric Draining        Necr           8%         2d6       47%         3
 Lightning Bolt           Conj/Air       12%        1d25      82%         5
 Olgreb's Toxic Radiance  Pois           8%         N/A       87%         4
 Eringya's Noxious Bog    Tmut/Pois      4%         N/A       100%        6
 Ozocubu's Refrigeration  Ice            4%         4d5       100%        7
 Maxwell's Capacitive Co  Air            4%         ∞         100%        8


Dungeon Overview and Level Annotations

Branches:
Dungeon (10/15)            Temple (1/1) D:7            Lair (0/6) D:9
 Bailey (1/1)
    Orc: D:9-12

Altars:
Ashenzari
Cheibriados
Dithmenos
Elyvilon
Fedhas
Gozag
Hepliaklqana
Kikubaaqudgha
Makhleb
Nemelex Xobeh
Okawaru
Qazlal
Ru
Sif Muna
Trog
Uskayaw
Vehumet
Wu Jian
Xom
Yredelemnul
Zin
The Shining One

Shops:
D:4 *   D:5 *   D:7 *   D:9 [

Annotations:
D:3 exclusions: orc and orc priest
D:7 2 transporters, Zonian's ghost, novice DjIE


Innate Abilities, Weirdness & Mutations

You are partially covered in large bone plates. (SH +4)
You regenerate a little health from kills.
Your touch may inflict minor irresistible damage on your foes.


Message History

The orc warrior is no longer more vulnerable to fire.
An orc knight comes into view. It is wielding a +0 glaive.
The orc knight roars a battlecry!
The orc knight goes into a battle-frenzy!
Aiming: Mindburst
Press: ? - help, Shift-Dir - straight line, f/p - orc knight
Aim: an orc knight, wielding a +0 glaive and wearing a +0 plate armour (severely wounded, chance to affect: 47%)
The orc knight resists with some effort.
The orc knight shouts!
The now-empty wand crumbles to dust.
The orc warrior no longer looks unusually strong.
You block the orc knight's attack.
You don't have any such object.
Evoke which item? (* to show all) (? for menu, Esc to quit)
Okay, then.
Okay, then.
Okay, then.
Aiming: Throw Flame
Press: ? - help, Shift-Dir - straight line, f/p - orc knight
Aim: an orc knight, wielding a +0 glaive and wearing a +0 plate armour (severely wounded, 68% to hit)
The puff of flame hits the orc knight.
The orc knight is severely wounded.
The orc knight roars a battlecry!
The orc knight hits you from afar with a +0 glaive!!
Your magical contamination has completely faded away.
You hit the orc knight but do no damage.
The orc knight is poisoned.
The orc knight is severely wounded.
The orc knight completely misses you.
You hit the orc knight.
The orc knight looks as sick as possible!
Your touch misses the orc knight.
The orc knight is severely wounded.
You block the orc knight's attack.
You hit the orc knight but do no damage.
The orc knight looks as sick as possible!
The orc knight is severely wounded.
The orc knight hits you from afar with a +0 halberd!!!
Ouch! That really hurt!
You die...

#### ############ ...##
##..ooo...∩.##
....######..)o.#)o....#
##..#....#..).###o....#
o8..o...)')....8@....∩#
##..#....#....###.....#
o...######.....#......#
...## ##........∩.##
#### ############


You could see 2 orc knights.

Vanquished Creatures
  Erica (D:8)
  A two-headed ogre (D:9)
  A troll (D:10)
  A hornet (D:8)
  7 yaks
  3 wargs
  An acid dragon (D:10)
  A water moccasin (D:7)
  A black bear (D:6)
  A hornet zombie (D:5)
  An ice beast (D:7)
  3 orc warriors
  2 necrophages
  2 ogres
  2 phantoms
  2 centaurs
  A gnoll sergeant (D:9)
  2 bullfrogs (D:7)
  4 scorpions
  8 wights
  A howler monkey (D:4)
  A bullfrog zombie (D:6)
  A centaur zombie (D:5)
  2 hounds (D:6)
  4 jellies
  3 orc priests
  A gnoll shaman (D:5)
  Ijyb (D:5)
  A bullfrog skeleton (D:7)
  3 iguanas (D:5)
  3 orc wizards (D:8)
  Robin (D:4)
  A howler monkey zombie (D:9)
  12 gnolls
  5 adders
  A white imp (D:8)
  An ufetubus (D:5)
  An adder zombie (D:5)
  A worm (D:2)
  34 orcs
  11 ball pythons
  5 endoplasms
  2 giant cockroaches (D:1)
  13 goblins
  8 hobgoblins
  5 jackals (D:1)
  3 quokkas
  7 bats
  4 kobolds
  2 rats (D:1)
183 creatures vanquished.

Vanquished Creatures (collateral kills)
  10 foxfires (D:3)
10 creatures vanquished.

Vanquished Creatures (others)
  462 foxfires
  7 plants
469 creatures vanquished.

Grand Total: 662 creatures vanquished

Notes
Turn   | Place    | Note
-------+----------+-------------------------------------------
     0 | D:1      | browni3141 the Demonspawn Fire Elementalist began the quest
                  | for the Orb.
     0 | D:1      | Reached XP level 1. HP: 13/13 MP: 3/3
   168 | D:1      | Reached skill level 3 in Fire Magic
   176 | D:1      | Gained mutation: You regenerate a little health from kills.
                  | [demonic ancestry]
   176 | D:1      | Reached XP level 2. HP: 17/19 MP: 0/5
   654 | D:1      | Found a faded altar of an unknown god.
  1056 | D:1      | Reached XP level 3. HP: 24/24 MP: 3/6
  1511 | D:2      | Learned a level 2 spell: Scorch
  1513 | D:2      | Learned a level 1 spell: Slow
  1639 | D:2      | Found a shimmering blue altar of Sif Muna.
  2581 | D:3      | Reached skill level 1 in Hexes
  2588 | D:3      | Identified the +3 leather armour "Ejac" {Int+2}
  2726 | D:3      | Found a snail-covered altar of Cheibriados.
  2747 | D:3      | Learned a level 3 spell: Conjure Flame
  2979 | D:4      | Reached XP level 4. HP: 30/30 MP: 3/7
  3419 | D:4      | Found Hiray's Assorted Antiques.
  3543 | D:4      | Noticed Robin
  3673 | D:4      | Killed Robin
  3674 | D:4      | Reached XP level 5. HP: 28/36 MP: 0/9
  3868 | D:4      | Got the Disquisition on the Virous Frostbite
  3894 | D:4      | Identified a scroll of acquirement
  3896 | D:4      | Acquired 974 gold pieces
  4154 | D:4      | Bought a bloodstained ring mail for 207 gold pieces
  4154 | D:4      | Identified the +2 ring mail of the Arcadian Yeti {*Slow
                  | Int+6} (You bought it in a shop on level 4 of the Dungeon)
  4154 | D:4      | Bought a cloak for 103 gold pieces
  4245 | D:5      | Entered Level 5 of the Dungeon
  4245 | D:5      | Noticed a phantom
  4245 | D:5      | Found Toizoha's Tempting Trifles.
  4248 | D:5      | Reached skill level 1 in Long Blades
  4252 | D:5      | Killed a phantom
  4253 | D:5      | Reached skill level 1 in Fighting
  4253 | D:5      | Reached skill level 4 in Fire Magic
  4336 | D:5      | Reached XP level 6. HP: 43/43 MP: 3/10
  4748 | D:5      | Noticed Ijyb
  4801 | D:4      | Gained mutation: Your touch may inflict minor irresistible
                  | damage on your foes. [demonic ancestry]
  4801 | D:4      | Reached XP level 7. HP: 43/48 MP: 11/11
  4816 | D:5      | Killed Ijyb
  5103 | D:5      | Reached skill level 5 in Fire Magic
  5732 | D:6      | Gained mutation: You are partially covered in large bone
                  | plates. (SH +4) [demonic ancestry]
  5732 | D:6      | Reached XP level 8. HP: 57/57 MP: 9/13
  6496 | D:7      | Identified the +3 ring mail of Baemabri {Int+4 Dex+3}
  6553 | D:7      | Reached skill level 6 in Fire Magic
  6569 | D:7      | Found a staircase to the Ecumenical Temple.
  6607 | Temple   | Entered the Ecumenical Temple
  6812 | Temple   | Became a worshipper of Makhleb the Destroyer
  7193 | D:7      | Noticed Zonian's ghost (novice DjIE)
  7262 | D:7      | Identified the ring of Okhloel {rC+ Int+3}
  7277 | D:7      | Found a transporter.
  7282 | D:7      | Found a transporter.
  7360 | D:7      | Found Rekyqoono's Mayhem Merchandise.
  7368 | D:7      | Reached XP level 9. HP: 65/65 MP: 15/15
  7388 | D:7      | Reached skill level 5 in Long Blades
  8067 | D:8      | Reached skill level 7 in Fire Magic
  8169 | D:8      | Reached skill level 5 in Conjurations
  8223 | D:8      | Reached skill level 5 in Spellcasting
  8637 | D:8      | Reached skill level 5 in Fighting
  8646 | D:8      | Noticed Erica
  8656 | D:8      | Killed Erica
  8657 | D:8      | Reached skill level 8 in Fire Magic
  8657 | D:8      | Reached XP level 10. HP: 69/74 MP: 6/18
  8971 | D:9      | Noticed a two-headed ogre
  9006 | D:9      | Killed a two-headed ogre
  9007 | D:9      | Reached skill level 1 in Invocations
  9142 | D:8      | Reached * piety under Makhleb
  9409 | D:9      | Found Obom's Antique Armour Shop.
  9523 | D:8      | HP: 2/74 [warg (13)]
 10095 | D:9      | Found a staircase to the Lair.
 10446 | D:10     | Entered Level 10 of the Dungeon
 10601 | D:10     | Reached skill level 9 in Fire Magic
 10758 | D:10     | Found a flagged portal.
 10767 | Bailey   | Entered a bailey
 10957 | Bailey   | Noticed an orc knight
 10967 | Bailey   | Noticed an orc knight
 10992 | Bailey   | Noticed an orc knight
 11009 | Bailey   | Noticed an orc knight
 11017 | Bailey   | Slain by an orc knight

Illustrated notes

Levels and vault maps discovered:
D:1:      roderic_dead_forest, layout_basic, chequers_ecumenical_altar_twisty,
          serial_corexii_hall, corexii_hall_statues_deadend,
          corexii_hall_statues_u, nicolae_concentric_dashed_squares_wild,
          minmay_indecisive_spiral
D:2:      layout_basic, basic_altar
D:3:      layout_basic, mainiacjoe_overflow_large_starburst, minmay_hedge_maze
D:4:      layout_basic, serial_shops, nicolae_inconvenience_store, uniq_robin
D:5:      layout_loops_ring, eino_small_chamber_without_monster,
          nicolae_alphabet_shops, uniq_ijyb
D:6:      layout_basic, serial_glass, glass_columns_b, glass_columns_a,
          due_unseen_surprise, minmay_strange_pillars, feat_on_display
D:7:      layout_loops_cross, minmay_temple_entry_offerings,
          gammafunk_ghost_gnarly_gnolls, minmay_shop_mayhem, bh_walls_and_bars
D:8:      layout_rooms, nicolae_elevator_lobby_plus, uniq_erica
D:9:      layout_small_grid, erik_lair_orcish_takeover, serial_shops,
          shop_statue
D:10:     layout_basic, enter_bailey_3, grunt_ministairs_15, uniq_harold,
          uniq_sonja, uniq_fannar
Temple:   regret_index_temple_chain_breaker
Bailey:   bailey_polearm_5, bailey

Skill      XL: |  1  2  3  4  5  6  7  8  9 10 |
---------------+-------------------------------+-----
Fire Magic     | 3 4 5 6 8 9 |  9.2
Hexes          | 1 2 3 |  3.0
Conjurations   | 2 3 4 5 6 |  6.0
Long Blades    | 1 2 3 4 5 |  5.0
Fighting       | 1 2 3 5 6 |  6.0
Spellcasting   | 3 4 5 6 |  6.0
Invocations    | 4 |  4.0
Dodging        | |  1.7
Stealth        | |  1.7

Action                   |  1- 3 |  4- 6 |  7- 9 | 10-12 || total
-------------------------+-------+-------+-------+-------++-------
Melee: Dagger            |    22 |    28 |    42 |   116 ||   208
       Punch             |       |     1 |     5 |     5 ||    11
       Touch             |       |       |    15 |    32 ||    47
       Unarmed           |       |       |     2 |       ||     2
       Rapier            |       |       |    20 |       ||    20
 Cast: Foxfire           |    66 |    39 |   126 |    45 ||   276
       Scorch            |     1 |     7 |    41 |    32 ||    81
       Slow              |       |       |     1 |     1 ||     2
Evoke: Wand              |       |       |     1 |    14 ||    15
  Use: Scroll            |     2 |     3 |       |     4 ||     9
 Stab: Sleeping          |     1 |     2 |       |       ||     3
Armor: Robe              |    11 |       |       |       ||    11
       Leather armour    |     2 |     5 |       |       ||     7
       Ring mail         |       |    13 |    30 |    45 ||    88
Dodge: Dodged            |    33 |    29 |    33 |    56 ||   151
Block: Other             |     6 |     9 |    31 |    74 ||   120
       Reflection        |       |       |     5 |     1 ||     6

Table legend: (Time is in decaauts)
 A = Elapsed time spent in this place.
 B = Non-inter-level travel time spent in this place.
 C = Inter-level travel time spent in this place.
 D = Time resting spent in this place.
 E = Time spent auto-exploring this place.
 F = Levels seen in this place.
 G = Mean time per level.
                   A        B        C        D        E       F      G
               +--------+--------+--------+--------+--------+-----+--------+
         Total |  11006 |  10425 |    581 |    600 |   7676 |  12 |  917.2 |
       Dungeon |  10539 |  10007 |    532 |    600 |   7430 |  10 | 1053.9 |
        Temple |    220 |    171 |     49 |      0 |    153 |   1 |  220.0 |
        Bailey |    246 |    246 |      0 |      0 |     93 |   1 |  246.0 |
               +--------+--------+--------+--------+--------+-----+--------+

Top non-repeatable levels by time:
     D:8: 1826 daAuts
     D:1: 1431 daAuts
     D:4: 1282 daAuts
     D:7: 1197 daAuts
     D:5: 1196 daAuts
     D:2: 1015 daAuts
     D:9: 915 daAuts
     D:6: 845 daAuts
     D:3: 592 daAuts
  Bailey: 246 daAuts
    D:10: 236 daAuts
  Temple: 220 daAuts
